 Dungeon Crawl Stone Soup version 0.22-a0-377-g846bec1 (webtiles) character file.

23 Amnesiac the Magician (level 2, -1/21 HPs)
             Began as a Mummy Wizard on Apr 27, 2018.
             Slain by a jackal (3 damage)
             ... on level 2 of the Dungeon.
             The game lasted 00:01:26 (763 turns).

Amnesiac the Magician (Mummy Wizard)                 Turns: 763, Time: 00:01:27

Health: -1/21      AC:  2    Str: 10    XL:     2   Next: 75%
Magic:  3/7        EV: 12    Int: 17    God:
Gold:   20         SH:  0    Dex: 10    Spells: 6/9 levels left

rFire    x . .     SeeInvis .   (no weapon)
rCold    + . .     Gourm    .   (no shield)
rNeg     + + +     Faith    .   a - +0 robe
rPois    ∞         Spirit   .   b - +0 hat
rElec    .         Reflect  .   (no cloak)
rCorr    .         Harm     .   (no gloves)
MR       .....                  (no boots)
Stlth    ++........             (no amulet)
HPRegen  0.07/turn              (no ring)
MPRegen  0.10/turn              (no ring)

@: no status effects
A: no food or potions, fire vulnerability, cold resistance 1, negative energy
resistance 3, torment resistance, unbreathing
a: no special abilities


You were on level 2 of the Dungeon.
You were not hungry.

You visited 1 branch of the dungeon, and saw 3 of its levels.

You collected 20 gold pieces.

Inventory:

Armour
 a - a +0 robe (worn)
 b - a +0 hat (worn)
Scrolls
 c - a scroll of identify {!r, unknown}


   Skills:
 + Level 1.0 Fighting
 * Level 2.2 Dodging
 - Level 1.5 Stealth
 - Level 4.0 Spellcasting
 + Level 1.2 Conjurations
 - Level 0.7 Summonings
   Level 0.7 Translocations


You had 6 spell levels left.
You knew the following spells:

 Your Spells              Type           Power        Failure   Level  Hunger
a - Magic Dart            Conj           #...         10%         1    N/A
b - Call Imp              Summ           #.......     19%         2    N/A

Dungeon Overview and Level Annotations

Branches:
Dungeon (3/15)

Altars:

Annotations:
D:3 Natasha


Innate Abilities, Weirdness & Mutations

You do not eat or drink.
Your flesh is vulnerable to fire.
You are immune to poison.
Your flesh is cold resistant. (rC+)
You are immune to negative energy. (rN+++)
You are immune to unholy pain and torment.
You can survive without breathing.


Message History

g - Guard the area. f - Follow me.
Anything else - Cancel.
Gang up on whom?
Press: ? - help, Dir - move target cursor, f - frilled lizard
Aim: a frilled lizard Attack!
The jackal barely misses your white imp.
The frilled lizard closely misses you.
A leopard gecko comes into view.
The leopard gecko hisses menacingly.
The frilled lizard bites you.
* * * LOW HITPOINT WARNING * * *
The jackal barely misses your white imp.
The leopard gecko bites you.
* * * LOW HITPOINT WARNING * * *
The frilled lizard bites you but does no damage.
The leopard gecko bites you.
* * * LOW HITPOINT WARNING * * *
Your white imp gestures at the frilled lizard.
The puff of frost hits the frilled lizard.
The frilled lizard dies!
What are your orders? t - Shout!
Orders for allies: a - Attack new target. r - Retreat! s - Stop attacking. g - Guard the area. f - Follow me.
Anything else - Cancel.
Gang up on whom?
Press: ? - help, Dir - move target cursor, f - leopard gecko
Aim: a leopard gecko (clinging)
Okay, then.
Something bites your white imp but does no damage. x2
What are your orders? t - Shout!
Orders for allies: a - Attack new target. r - Retreat! s - Stop attacking. g - Guard the area. f - Follow me.
Anything else - Cancel.
Gang up on whom?
Press: ? - help, Dir - move target cursor, f - leopard gecko
Aim: a leopard gecko (clinging) Attack!
The leopard gecko barely misses you.
Something bites your white imp but does no damage.
Your white imp gestures at the leopard gecko.
The puff of frost hits the leopard gecko.
The leopard gecko dies!
Something barely misses your white imp. What are your orders? t - Shout!
Orders for allies: a - Attack new target. r - Retreat! s - Stop attacking. g - Guard the area. f - Follow me.
Anything else - Cancel.
Gang up on whom?
Press: ? - help, Dir - move target cursor, f - jackal
Aim: a jackal Attack!
The jackal bites your white imp.
Your white imp dies!
Casting: Call Imp (safe; 19% risk of failure)
Confirm with . or Enter, or press ? or * to list all spells.
A beastly little devil appears in a puff of frigid air.
A rat comes into view.
The jackal bites you.
You die...

##.......##
..........
#..>....### .# ##
#......... ...
...##.#.....###....
.................#
r.......5....#
##.hhh.†.# #@#####.#
# #.# #.# # #
#.#####h#####. # #.
#......h†...l.. # #
#. ###...###....># #
..##.. ####..>#
.##### ##
#.....##......## #
$#.#.#
#..............##.##
.....#
#......<............


You could see 3 jackals and a friendly white imp.

Vanquished Creatures
  3 dart slugs (D:1)
  2 leopard geckos (D:1)
  2 bats (D:1)
  A giant cockroach (D:1)
  A hobgoblin (D:1)
  A jackal (D:1)
  A ball python (D:1)
  A rat (D:1)
12 creatures vanquished.

Vanquished Creatures (collateral kills)
  2 leopard geckos (D:2)
  A frilled lizard (D:2)
3 creatures vanquished.

Grand Total: 15 creatures vanquished

Notes
Turn   | Place    | Note
-------+----------+-------------------------------------------
     0 | D:1      | Amnesiac the Mummy Wizard began the quest for the Orb.
     0 | D:1      | Reached XP level 1. HP: 13/13 MP: 5/5
   126 | D:1      | Reached skill level 1 in Conjurations
   202 | D:1      | Reached XP level 2. HP: 20/20 MP: 0/7
   206 | D:1      | Learned a level 2 spell: Call Imp
   701 | D:3      | Noticed Natasha
   752 | D:2      | Reached skill level 1 in Fighting
   755 | D:2      | HP: 1/21 [leopard gecko (5)]
   763 | D:2      | Slain by a jackal

Vault maps used:
D:1:      tarquinn_simple_flora_water_e
D:2:      fiery_altar_vehumet, tgw_xom
D:3:      cheibrodos_ashenzari_chains, overflow_temple_1_default, first_ration,
          uniq_natasha

Skill      XL: |  1  2 |
---------------+-------+-----
Conjurations   | 1 |  1.2
Dodging        | 2 |  2.2
Fighting       | 1 |  1.0
Stealth        | |  1.5
Spellcasting   | |  4.0
Summonings     | |  0.7
Translocations | |  0.7

Action                   || total
-------------------------++-------
Melee: Unarmed           ||     1
 Cast: Magic Dart        ||    37
       Call Imp          ||     4
Armor: Robe              ||     5
Dodge: Dodged            ||    14

Table legend:
 A = Spawn XP
 B = Non-spawn XP
 C = Spawn XP percentage of total XP
 D = Spawn monster count
 E = Non-spawn monster count
 F = Spawn count percentage of total count
 G = Total turns spent on level
                    A         B        C        D         E        F      G
               +---------+---------+-------+---------+---------+-------+---------
         Total |       0 |      34 |   0.0 |       0 |      15 |   0.0 |   763
               +---------+---------+-------+---------+---------+-------+---------
           D:1 |       0 |      29 |   0.0 |       0 |      12 |   0.0 |   684
           D:2 |       0 |       5 |   0.0 |       0 |       3 |   0.0 |    74
               +---------+---------+-------+---------+---------+-------+---------
